 Dungeon Crawl Stone Soup version 0.24-a0-280-g7cec4da (webtiles) character file.

Game seed: 3304243793358346571

20 Firebatgyro the Insei (level 2, 0/24 HPs)
             Began as a Demonspawn Monk on May 9, 2019.
             Succumbed to an adder's poison
             ... on level 2 of the Dungeon.
             The game lasted 00:01:36 (1301 turns).

Firebatgyro the Insei (Demonspawn Monk)             Turns: 1301, Time: 00:01:37

Health: 0/24       AC:  3    Str: 10 (11) XL:     2   Next: 58%
Magic:  2/2        EV: 13    Int: 10 (11) God:
Gold:   18         SH:  0    Dex: 13 (15) Spells: 1/1 levels left

rFire    . . .     SeeInvis +   k - -1 short sword (curse)
rCold    + . .     Gourm    .   (no shield)
rNeg     . . .     Faith    .   a - +1 robe
rPois    .         Spirit   .   (no helmet)
rElec    .         Reflect  .   (no cloak)
rCorr    .         Harm     .   (no gloves)
MR       .....                  (no boots)
Stlth    ++........             (no amulet)
HPRegen  0.08/turn              j - ring of see invisible
MPRegen  0.08/turn              (no ring)

@: lethally poisoned (0 -> -15)
A: cold resistance 1
a: no special abilities


You were on level 2 of the Dungeon.
You were not hungry.

You visited 1 branch of the dungeon, and saw 2 of its levels.

You collected 18 gold pieces.

Inventory:

Hand Weapons
 g - a +0 hunting sling
 k - a cursed -1 short sword (weapon)
Missiles
 h - 8 stones (quivered)
Armour
 a - a +1 robe (worn)
Jewellery
 j - a ring of see invisible (left hand)
Scrolls
 f - a scroll of fog {unknown}
Potions
 c - 2 potions of degeneration
 d - a potion of haste {unknown}
 e - a potion of mutation {unknown}
Comestibles
 b - 2 rations
 i - 3 chunks of flesh


   Skills:
 - Level 3.0 Fighting
 - Level 2.6 Dodging
 - Level 1.7 Stealth
 + Level 3.6 Unarmed Combat


You had one spell level left.
You didn't know any spells.
Your spell library was empty.

Dungeon Overview and Level Annotations

Branches:
Dungeon (2/15)

Altars:
Fedhas


Innate Abilities, Weirdness & Mutations

Your flesh is cold resistant. (rC+)


Message History

The adder is almost dead.
The adder bites you.
You are more poisoned.
The adder poisons you! The adder barely misses you.
You closely miss the adder.
The adder is almost dead.
You feel sick. The adder bites you.
You closely miss the adder.
The adder is almost dead.
The adder bites you.
* * * LOW HITPOINT WARNING * * *
You are more poisoned.
The adder poisons you! The adder bites you.
* * * LOW HITPOINT WARNING * * *
You are more poisoned.
The adder poisons you!
It was a potion of degeneration.
There was something very wrong with that liquid.
You feel weakened.
You feel dopey.
You feel clumsy.
You die...

#.#.##.....#
##..#
#.#.##.....# #..#
##...###.####
##..########
##..###...#
#..........#
#.....).###
#..........#
#.....#####
###..........#
.....#..
##...##.#######
........
####..####.#
###...... #.S@.##
#..
####...#.......##
#...
#........##..
.... #. #### ####
....


You could see an adder.

Vanquished Creatures
  4 goblins (D:1)
  3 hobgoblins
  A jackal (D:1)
  3 bats (D:1)
  7 kobolds
18 creatures vanquished.

Notes
Turn   | Place    | Note
-------+----------+-------------------------------------------
     0 | D:1      | Firebatgyro the Demonspawn Monk began the quest for the
                  | Orb.
     0 | D:1      | Reached XP level 1. HP: 18/18 MP: 1/1
   251 | D:1      | Gained mutation: Your flesh is cold resistant. (rC+)
                  | [demonic ancestry]
   251 | D:1      | Reached XP level 2. HP: 20/24 MP: 2/2
  1168 | D:2      | Found a blossoming altar of Fedhas.
  1300 | D:2      | HP: 1/24 [adder (3)]
  1301 | D:2      | Succumbed to an adder's poison

Levels and vault maps discovered:
D:1:      onia_arrival_mini_spirals, layout_basic
D:2:      layout_rooms, fedhas_altar_1

Skill      XL: |  1 |
---------------+----+-----
Unarmed Combat | 3 |  3.6
Fighting       | |  3.0
Dodging        | |  2.6
Stealth        | |  1.7

Action                   || total
-------------------------++-------
Melee: Unarmed           ||    38
       Short sword       ||    27
       Punch             ||     1
  Use: Scroll            ||     3
       Potion            ||     1
 Stab: Sleeping          ||     4
  Eat: Chunk             ||     1
Armor: Robe              ||    15
Dodge: Dodged            ||    36

Table legend:
 A = Non-vault XP
 B = Vault XP
 C = Vault XP percentage of total XP
 D = Non-vault monster count
 E = Vault monster count
 F = Vault count percentage of total count
                 A         B        C        D         E       F
            +---------+---------+-------+---------+---------+-------
      Total |      29 |       0 |   0.0 |      18 |       0 |   0.0
            +---------+---------+-------+---------+---------+-------
        D:1 |      26 |       0 |   0.0 |      16 |       0 |   0.0
        D:2 |       3 |       0 |   0.0 |       2 |       0 |   0.0
            +---------+---------+-------+---------+---------+-------
